NULL
Full Scoreboard »»

Bruins vs Blackhawks

Created - November 5, 2023 at 21:07

Goals
1 2 3 T
Bruins 4 0 1 5
Blackhawks 1 2 1 4
Shots
1 2 3 T
Bruins 17 10 10 37
Blackhawks 17 12 10 39

GoalsPenalties
1st period
1. Blackhawks , Pavel Buchnevich 1 (Rasmus Dahlin 2, Vincent Trocheck 2) at 1:13 (PP)
2. Bruins , Lucas Raymond 1 (Roman Josi 1, Moritz Seider 1) at 12:05 (PP)
3. Bruins , Patrice Bergeron 1 (Blake Wheeler 1, Nino Niederreiter 1) at 12:15
4. Bruins , Patrice Bergeron 2 (Moritz Seider 2, Blake Wheeler 2) at 16:27
5. Bruins , Nate Schmidt 1 (Nino Niederreiter 2, Patrice Bergeron 1) at 19:00
Zdeno Chara (BOS) for Holding (Minor) at 0:58
Blake Wheeler (BOS) for Hooking (Minor) at 5:10
Marcus Pettersson (CHI) for Holding (Minor) at 11:15
Blake Wheeler (BOS) for Interference (Minor) at 13:13
Keith Yandle (CHI) for Holding (Minor) at 19:40
2nd period
6. Blackhawks , Mike Hoffman 1 (Marcus Pettersson 2, Ryan Hartman 1) at 6:49
7. Blackhawks , Oliver Wahlstrom 1 (Erik Brannstrom 1, Mason Shaw 1) at 15:41
No Penalty
3rd period
8. Blackhawks , Rasmus Dahlin 1 (Mason McTavish 1, Marian Studenic 1) at 8:28
9. Bruins , Taylor Hall 1 (Mikael Granlund 1, Ryan O'Reilly 1) at 8:45
Erik Brannstrom (CHI) for Fighting (Major) at 3:11
Mikael Backlund (BOS) for Fighting (Major) at 3:11
Vincent Trocheck (CHI) for Tripping (Minor) at 11:50
Goalie Stats
Mike Smith (BOS), 35 saves from 39 shots - (0.897), W, 1-0-0, 60:00 minutes
Daniel Vladar (CHI), 21 saves from 22 shots - (0.955), L, 0-1-0, 40:34 minutes
Pyotr Kochetkov (CHI), 11 saves from 15 shots - (0.733), 19:00 minutes
3 StarsOfficial
1 - Patrice Bergeron (BOS)
2 - Moritz Seider (BOS)
3 - Rasmus Dahlin (CHI)
Referees : Unknown
Linesman : Unknown
Game Note
Daniel Vladar enters game at 19:00 of 1st period
Mikael Backlund beats up Erik Brannstrom at 3:11 of 3rd period



Team Name Goals Shots Shots Attemp Shots Blocked PIM HIT PP PK FO%
Bruins 53772911261 / 3 (33%)153%
Blackhawks 439611311341 / 3 (33%)147%

Bruins
Player Name POS G A P +/- PIM HIT SHT SB MP PP MP PP SHT PK MP PK SHT FO% FOT GA TA
Alexander WennbergC/LW/RW0000015016:010:0002:1810% 010
Blake WheelerLW/RW0221412118:472:4310:0000% 000
Eduard SaleLW000-101309:312:4610:0000% 000
Jaccob SlavinD0000021023:222:2002:1500% 000
Lucas RaymondLW/RW1010023014:291:5910:0000% 100
Mikael BacklundC/LW0000522014:221:5920:00055% 1111
Mikael GranlundC/LW/RW0111022015:070:0000:000100% 101
Moritz SeiderD0222022321:162:2811:5800% 011
Nate SchmidtD101-1012017:520:0001:5800% 001
Nicklas BackstromC/RW000-100005:190:0000:0000% 010
Nino NiederreiterLW/RW0221010015:060:0000:000100% 100
Patrice BergeronC/LW/RW2131036019:362:4310:00070% 2001
Radek FaksaC000-1012010:240:0901:55033% 600
Roman JosiD0110003220:152:2810:0000% 010
Ryan O'ReillyC/LW0111021217:470:0602:18045% 2200
Taylor HallLW1011032018:281:5901:5500% 221
Tom WillanderD000-1011018:432:2000:0000% 000
Zdeno CharaD0002210119:180:0002:1500% 001
Blackhawks
Player Name POS G A P +/- PIM HIT SHT SB MP PP MP PP SHT PK MP PK SHT FO% FOT GA TA
Artemi PanarinLW/RW000-1012019:202:3320:0900% 021
Colton SissonsC/RW000-1042213:510:0002:33057% 1420
Erik BrannstromD0110530114:370:0002:2800% 000
Jake GardinerD000-2003222:562:0100:0000% 001
Keith YandleD0000210217:262:1200:0000% 010
Marcus PetterssonD0111212019:520:0002:2000% 000
Marian StudenicRW011100207:370:0000:0000% 000
Mason McTavishC0111002010:290:0002:1200% 400
Mason ShawC/LW/RW011-1012014:040:0002:0600% 010
Mike HoffmanC/LW/RW1010025016:461:4000:030100% 101
Nick JensenD000-2040224:082:1203:1000% 002
Oliver WahlstromRW101-1025113:510:0002:3300% 100
Parker KellyC/LW/RW000101017:370:0000:0000% 000
Pavel BuchnevichC/LW/RW101-1043018:542:3310:0000% 000
Rasmus DahlinD1121023221:212:0111:3800% 000
Ryan HartmanC/LW/RW0110014016:431:4010:00052% 2110
Tom WilsonLW/RW0000064016:431:4000:0000% 001
Vincent TrocheckC/LW/RW011-1210018:532:3300:00043% 2301

Bruins

5 vs 5 Forward
Line #Left WingCenterRight WingPHYDFOFWanted %Time %Time Play
1Blake WheelerPatrice BergeronNino Niederreiter1223433%16:15
2Taylor HallRyan O'ReillyMikael Granlund1223033%16:19
3Lucas RaymondMikael BacklundAlexander Wennberg1222624%12:00
4Eduard SaleRadek FaksaNicklas Backstrom1221011%5:18
5 vs 5 Defense
Line #DefenseDefensePHYDFOFWanted %Time %Time Play
1Roman JosiJaccob Slavin1223535%17:17
2Moritz SeiderZdeno Chara1223534%17:05
3Nate SchmidtTom Willander1223031%15:30
4Roman JosiJaccob Slavin12200%0:00
Power Play Forward
Line #Left WingCenterRight WingPHYDFOFWanted %Time %Time Play
1Eduard SalePatrice BergeronBlake Wheeler1225059%2:49
2Taylor HallMikael BacklundLucas Raymond1225041%1:59
Power Play Defense
Line #DefenseDefensePHYDFOFWanted %Time %Time Play
1Roman JosiMoritz Seider1225051%2:28
2Tom WillanderJaccob Slavin1225049%2:20
Penalty Kill 4 Players Forward
Line #CenterWingPHYDFOFWanted %Time %Time Play
1Ryan O'ReillyAlexander Wennberg1225055%2:18
2Radek FaksaTaylor Hall1225045%1:55
Penalty Kill 4 Players Defense
Line #DefenseDefensePHYDFOFWanted %Time %Time Play
1Jaccob SlavinZdeno Chara1225053%2:15
2Moritz SeiderNate Schmidt1225047%1:58
Penalty Kill 3 Players
Line #WingPHYDFOFWanted %Time %Time PlayDefenseDefensePHYDFOFWanted %Time %Time Play
1Patrice Bergeron122500%0:00 Roman JosiJaccob Slavin122500%0:00
2Mikael Backlund122500%0:00 Moritz SeiderZdeno Chara122500%0:00
4 vs 4 Forward
Line #CenterWingPHYDFOFWanted %Time %Time Play
1Nicklas BackstromNino Niederreiter122500%0:00
2Ryan O'ReillyMikael Granlund122500%0:00
4 vs 4 Defense
Line #DefensePHYDFOFWanted %Time %Time Play
1Roman JosiJaccob Slavin122500%0:00
2Moritz SeiderZdeno Chara122500%0:00
Last Minutes Offensive
Left WingCenterRight WingDefenseDefense
Blake WheelerPatrice BergeronNino NiederreiterRoman JosiMoritz Seider
Last Minutes Defensive
Left WingCenterRight WingDefenseDefense
Mikael BacklundPatrice BergeronRyan O'ReillyZdeno CharaJaccob Slavin
Time
Total ForwardTotal DefenseLast Minutes OffensiveLast Minutes Defensive
60:00 60:00 0:001:07
Extra Forwards
Normal PowerPlayPenalty Kill
Radek Faksa, Ryan O'Reilly, Alexander WennbergRadek Faksa, Ryan O'ReillyAlexander Wennberg
Extra Defensemen
Normal PowerPlayPenalty Kill
Nate Schmidt, Tom Willander, Moritz SeiderNate Schmidt, Tom WillanderMoritz Seider
Penalty Shots
Lucas Raymond, Taylor Hall, Nicklas Backstrom, Mikael Backlund, Blake Wheeler
Goalie
Mike Smith, David Rittich
Custom OT Lines Forwards
Patrice Bergeron, Blake Wheeler, Mikael Backlund, Taylor Hall, Ryan O'Reilly, Alexander Wennberg, Nino Niederreiter, Mikael Granlund, Nicklas Backstrom, Lucas Raymond
Custom OT Lines Defensemen
Roman Josi, Jaccob Slavin, Moritz Seider, Zdeno Chara, Nate Schmidt
Scratches
Derek Ryan (Healthy), Travis Boyd (Healthy)

Blackhawks

5 vs 5 Forward
Line #Left WingCenterRight WingPHYDFOFWanted %Time %Time Play
1Artemi PanarinVincent TrocheckPavel Buchnevich1223331%15:13
2Tom WilsonRyan HartmanMike Hoffman1223332%15:43
3Mason ShawColton SissonsOliver Wahlstrom1222423%11:18
4Parker KellyMason McTavishMarian Studenic1221015%7:37
5 vs 5 Defense
Line #DefenseDefensePHYDFOFWanted %Time %Time Play
1Rasmus DahlinMarcus Pettersson1223534%16:49
2Jake GardinerNick Jensen1223536%17:50
3Keith YandleErik Brannstrom1223030%15:12
4Rasmus DahlinMarcus Pettersson12200%0:00
Power Play Forward
Line #Left WingCenterRight WingPHYDFOFWanted %Time %Time Play
1Artemi PanarinVincent TrocheckPavel Buchnevich1225560%2:33
2Tom WilsonRyan HartmanMike Hoffman1224540%1:40
Power Play Defense
Line #DefenseDefensePHYDFOFWanted %Time %Time Play
1Jake GardinerRasmus Dahlin1225048%2:01
2Keith YandleNick Jensen1225052%2:12
Penalty Kill 4 Players Forward
Line #CenterWingPHYDFOFWanted %Time %Time Play
1Colton SissonsOliver Wahlstrom1225053%2:33
2Mason McTavishMason Shaw1225047%2:15
Penalty Kill 4 Players Defense
Line #DefenseDefensePHYDFOFWanted %Time %Time Play
1Nick JensenMarcus Pettersson1225566%3:10
2Erik BrannstromRasmus Dahlin1224534%1:38
Penalty Kill 3 Players
Line #WingPHYDFOFWanted %Time %Time PlayDefenseDefensePHYDFOFWanted %Time %Time Play
1Artemi Panarin122500%0:00 Rasmus DahlinMarcus Pettersson122500%0:00
2Pavel Buchnevich122500%0:00 Jake GardinerNick Jensen122500%0:00
4 vs 4 Forward
Line #CenterWingPHYDFOFWanted %Time %Time Play
1Artemi PanarinPavel Buchnevich122500%0:00
2Vincent TrocheckRyan Hartman122500%0:00
4 vs 4 Defense
Line #DefensePHYDFOFWanted %Time %Time Play
1Rasmus DahlinMarcus Pettersson122500%0:00
2Jake GardinerNick Jensen122500%0:00
Last Minutes Offensive
Left WingCenterRight WingDefenseDefense
Artemi PanarinVincent TrocheckPavel BuchnevichJake GardinerRasmus Dahlin
Last Minutes Defensive
Left WingCenterRight WingDefenseDefense
Ryan HartmanVincent TrocheckColton SissonsRasmus DahlinNick Jensen
Time
Total ForwardTotal DefenseLast Minutes OffensiveLast Minutes Defensive
60:00 60:00 1:080:00
Extra Forwards
Normal PowerPlayPenalty Kill
Mike Hoffman, Oliver Wahlstrom, Mason McTavishMason McTavish, Oliver WahlstromMason McTavish
Extra Defensemen
Normal PowerPlayPenalty Kill
Keith Yandle, Erik Brannstrom, Jake GardinerKeith Yandle, Erik BrannstromJake Gardiner
Penalty Shots
Artemi Panarin, Pavel Buchnevich, Mason McTavish, Mike Hoffman, Vincent Trocheck
Goalie
Pyotr Kochetkov, Daniel Vladar
Custom OT Lines Forwards
Artemi Panarin, Pavel Buchnevich, Vincent Trocheck, Ryan Hartman, Tom Wilson, Colton Sissons, Mike Hoffman, Oliver Wahlstrom, Mason McTavish, Mason Shaw
Custom OT Lines Defensemen
Rasmus Dahlin, Marcus Pettersson, Jake Gardiner, Nick Jensen, Keith Yandle
Scratches
Alexander Ljungkrantz (Healthy), Artem Grushnikov (Healthy)


Play-by-Play

1st period


0:01 of 1st period - Vincent Trocheck wins face-off versus Patrice Bergeron in neutral zone.
0:51 of 1st period - Snap shot by Mason McTavish.
0:51 of 1st period - Shot Blocked by Roman Josi.
0:53 of 1st period - Snap shot by Marian Studenic.
0:53 of 1st period - Stopped by Mike Smith with a rebound.
0:55 of 1st period - Slapshot by Jake Gardiner.
0:55 of 1st period - Stopped by Mike Smith without a rebound.
0:56 of 1st period - Mikael Backlund wins face-off versus Colton Sissons in Bruins zone.
0:58 of 1st period - Minor Penalty to Zdeno Chara for Holding.
0:59 of 1st period - Vincent Trocheck wins face-off versus Ryan O'Reilly in Bruins zone.
1:03 of 1st period - Snap shot by Pavel Buchnevich.
1:03 of 1st period - Shot Misses the Net.
1:07 of 1st period - Snap shot by Artemi Panarin.
1:07 of 1st period - Stopped by Mike Smith with a rebound.
1:09 of 1st period - Wrist shot by Vincent Trocheck.
1:09 of 1st period - Shot Blocked by Ryan O'Reilly.
1:11 of 1st period - Slapshot by Rasmus Dahlin.
1:11 of 1st period - Stopped by Mike Smith with a rebound.
1:13 of 1st period - Snap shot by Pavel Buchnevich.
1:13 of 1st period - Goal by Pavel Buchnevich - Bruins : 0 - Blackhawks : 1.
1:14 of 1st period - Colton Sissons wins face-off versus Mikael Backlund in neutral zone.
1:25 of 1st period - Snap shot by Lucas Raymond.
1:25 of 1st period - Stopped by Pyotr Kochetkov with a rebound.
1:27 of 1st period - Slapshot by Moritz Seider.
1:27 of 1st period - Shot Blocked by Oliver Wahlstrom.
1:39 of 1st period - Wrist shot by Patrice Bergeron.
1:39 of 1st period - Stopped by Pyotr Kochetkov with a rebound.
3:10 of 1st period - Wrist shot by Eduard Sale.
3:10 of 1st period - Shot Misses the Net.
3:12 of 1st period - Slapshot by Moritz Seider.
3:12 of 1st period - Stopped by Pyotr Kochetkov without a rebound.
3:13 of 1st period - Vincent Trocheck wins face-off versus Radek Faksa in Blackhawks zone.
4:28 of 1st period - Taylor Hall is hit by Vincent Trocheck.
4:34 of 1st period - Pavel Buchnevich is hit by Ryan O'Reilly.
4:51 of 1st period - Wrist shot by Eduard Sale.
4:51 of 1st period - Shot Misses the Net.
4:53 of 1st period - Snap shot by Radek Faksa.
4:53 of 1st period - Stopped by Pyotr Kochetkov with a rebound.
4:59 of 1st period - Snap shot by Roman Josi.
4:59 of 1st period - Shot Misses the Net.
5:01 of 1st period - Wrist shot by Radek Faksa.
5:01 of 1st period - Stopped by Pyotr Kochetkov without a rebound.
5:02 of 1st period - Patrice Bergeron wins face-off versus Ryan Hartman in Blackhawks zone.
5:10 of 1st period - Minor Penalty to Blake Wheeler for Hooking.
5:11 of 1st period - Vincent Trocheck wins face-off versus Taylor Hall in Bruins zone.
5:15 of 1st period - Wrist shot by Artemi Panarin.
5:15 of 1st period - Stopped by Mike Smith with a rebound.
5:17 of 1st period - Wrist shot by Vincent Trocheck.
5:17 of 1st period - Shot Blocked by Zdeno Chara.
5:35 of 1st period - Zdeno Chara is hit by Ryan Hartman and loses puck.
5:40 of 1st period - Slapshot by Jake Gardiner.
5:40 of 1st period - Shot Misses the Net.
5:42 of 1st period - Wrist shot by Ryan Hartman.
5:42 of 1st period - Shot Misses the Net.
5:44 of 1st period - Slapshot by Ryan Hartman.
5:44 of 1st period - Stopped by Mike Smith without a rebound.
5:45 of 1st period - Vincent Trocheck wins face-off versus Radek Faksa in Bruins zone.
6:38 of 1st period - Snap shot by Ryan O'Reilly.
6:38 of 1st period - Shot Misses the Net.
6:50 of 1st period - Radek Faksa is hit by Nick Jensen and loses puck.
7:10 of 1st period - Penalty to Blake Wheeler is over, Blake Wheeler is back on ice.
7:36 of 1st period - Lucas Raymond is hit by Erik Brannstrom and loses puck.
8:11 of 1st period - Snap shot by Eduard Sale.
8:11 of 1st period - Stopped by Pyotr Kochetkov without a rebound.
8:12 of 1st period - Ryan Hartman wins face-off versus Radek Faksa in Blackhawks zone.
8:23 of 1st period - Wrist shot by Mike Hoffman.
8:23 of 1st period - Stopped by Mike Smith without a rebound.
8:24 of 1st period - Ryan O'Reilly wins face-off versus Vincent Trocheck in Bruins zone.
9:01 of 1st period - Snap shot by Tom Wilson.
9:01 of 1st period - Shot Misses the Net.
9:03 of 1st period - Wrist shot by Mike Hoffman.
9:03 of 1st period - Stopped by Mike Smith with a rebound.
9:15 of 1st period - Wrist shot by Patrice Bergeron.
9:15 of 1st period - Shot Misses the Net.
9:21 of 1st period - Wrist shot by Mikael Backlund.
9:21 of 1st period - Shot Misses the Net.
9:23 of 1st period - Wrist shot by Alexander Wennberg.
9:23 of 1st period - Stopped by Pyotr Kochetkov without a rebound.
9:24 of 1st period - Vincent Trocheck wins face-off versus Ryan O'Reilly in Blackhawks zone.
9:29 of 1st period - Taylor Hall is hit by Rasmus Dahlin and loses puck.
9:43 of 1st period - Icing by Moritz Seider.
9:44 of 1st period - Ryan Hartman wins face-off versus Taylor Hall in Bruins zone.
9:49 of 1st period - Wrist shot by Tom Wilson.
9:49 of 1st period - Stopped by Mike Smith without a rebound.
9:50 of 1st period - Ryan Hartman wins face-off versus Patrice Bergeron in Bruins zone.
9:55 of 1st period - Slapshot by Tom Wilson.
9:55 of 1st period - Shot Blocked by Moritz Seider.
10:01 of 1st period - Wrist shot by Ryan Hartman.
10:01 of 1st period - Stopped by Mike Smith with a rebound.
10:07 of 1st period - Tom Wilson is hit by Patrice Bergeron and loses puck.
10:28 of 1st period - Snap shot by Artemi Panarin.
10:28 of 1st period - Shot Misses the Net.
10:30 of 1st period - Wrist shot by Pavel Buchnevich.
10:30 of 1st period - Stopped by Mike Smith with a rebound.
10:41 of 1st period - Icing by Taylor Hall.
10:42 of 1st period - Mikael Granlund wins face-off versus Oliver Wahlstrom in Bruins zone.
10:42 of 1st period - Mikael Granlund is hit by Mason Shaw.
11:15 of 1st period - Minor Penalty to Marcus Pettersson for Holding.
11:16 of 1st period - Colton Sissons wins face-off versus Patrice Bergeron in Blackhawks zone.
11:49 of 1st period - Snap shot by Taylor Hall.
11:49 of 1st period - Deflect By Mikael Backlund.
11:49 of 1st period - Shot Blocked by Erik Brannstrom.
11:49 of 1st period - Puck is out of play.
11:50 of 1st period - Mikael Backlund wins face-off versus Mason McTavish in Blackhawks zone.
12:01 of 1st period - Snap shot by Lucas Raymond.
12:01 of 1st period - Shot Misses the Net.
12:03 of 1st period - Slapshot by Moritz Seider.
12:03 of 1st period - Stopped by Pyotr Kochetkov with a rebound.
12:05 of 1st period - Slapshot by Roman Josi.
12:05 of 1st period - Deflect By Lucas Raymond.
12:05 of 1st period - Goal by Lucas Raymond - Bruins : 1 - Blackhawks : 1.
12:06 of 1st period - Patrice Bergeron wins face-off versus Vincent Trocheck in neutral zone.
12:15 of 1st period - Wrist shot by Patrice Bergeron.
12:15 of 1st period - Goal by Patrice Bergeron - Bruins : 2 - Blackhawks : 1.
12:16 of 1st period - Ryan Hartman wins face-off versus Lucas Raymond in neutral zone.
12:40 of 1st period - Icing by Jaccob Slavin.
12:41 of 1st period - Patrice Bergeron wins face-off versus Vincent Trocheck in Bruins zone.
12:58 of 1st period - Wrist shot by Artemi Panarin.
12:58 of 1st period - Deflect By Roman Josi.
12:58 of 1st period - Shot Misses the Net.
12:58 of 1st period - Puck is out of play.
12:59 of 1st period - Ryan Hartman wins face-off versus Ryan O'Reilly in Bruins zone.
13:00 of 1st period - Snap shot by Mike Hoffman.
13:00 of 1st period - Stopped by Mike Smith with a rebound.
13:02 of 1st period - Backhand shot by Ryan Hartman.
13:02 of 1st period - Stopped by Mike Smith with a rebound.
13:08 of 1st period - Wrist shot by Mike Hoffman.
13:08 of 1st period - Stopped by Mike Smith with a rebound.
13:10 of 1st period - Slapshot by Nick Jensen.
13:10 of 1st period - Deflect By Ryan Hartman.
13:10 of 1st period - Shot Blocked by Ryan O'Reilly.
13:10 of 1st period - Puck is out of play.
13:11 of 1st period - Patrice Bergeron wins face-off versus Vincent Trocheck in Bruins zone.
13:13 of 1st period - Minor Penalty to Blake Wheeler for Interference.
13:14 of 1st period - Radek Faksa wins face-off versus Vincent Trocheck in Bruins zone.
13:22 of 1st period - Snap shot by Ryan O'Reilly.
13:22 of 1st period - Shot Misses the Net.
13:24 of 1st period - Slapshot by Ryan O'Reilly.
13:24 of 1st period - Deflect By Alexander Wennberg.
13:24 of 1st period - Deflect By Pavel Buchnevich.
13:24 of 1st period - Stopped by Pyotr Kochetkov without a rebound.
13:25 of 1st period - Ryan O'Reilly wins face-off versus Vincent Trocheck in Blackhawks zone.
13:52 of 1st period - Tom Wilson is hit by Taylor Hall and loses puck.
14:23 of 1st period - Nate Schmidt is hit by Tom Wilson and loses puck.
15:13 of 1st period - Penalty to Blake Wheeler is over, Blake Wheeler is back on ice.
15:33 of 1st period - Marcus Pettersson is hit by Blake Wheeler and loses puck.
16:17 of 1st period - Icing by Oliver Wahlstrom.
16:18 of 1st period - Nino Niederreiter wins face-off versus Colton Sissons in Blackhawks zone.
16:21 of 1st period - Snap shot by Blake Wheeler.
16:21 of 1st period - Shot Misses the Net.
16:23 of 1st period - Slapshot by Patrice Bergeron.
16:23 of 1st period - Stopped by Pyotr Kochetkov with a rebound.
16:25 of 1st period - Slapshot by Moritz Seider.
16:25 of 1st period - Shot Blocked by Nick Jensen.
16:27 of 1st period - Snap shot by Patrice Bergeron.
16:27 of 1st period - Goal by Patrice Bergeron - Bruins : 3 - Blackhawks : 1.
16:28 of 1st period - Ryan O'Reilly wins face-off versus Ryan Hartman in neutral zone.
16:44 of 1st period - Wrist shot by Tom Wilson.
16:44 of 1st period - Shot Blocked by Moritz Seider.
17:30 of 1st period - Blake Wheeler is hit by Colton Sissons and loses puck.
18:08 of 1st period - Wrist shot by Ryan Hartman.
18:08 of 1st period - Deflect By Tom Wilson.
18:08 of 1st period - Stopped by Mike Smith with a rebound.
18:46 of 1st period - Backhand shot by Colton Sissons.
18:46 of 1st period - Stopped by Mike Smith without a rebound.
18:47 of 1st period - Patrice Bergeron wins face-off versus Colton Sissons in Bruins zone.
18:56 of 1st period - Snap shot by Patrice Bergeron.
18:56 of 1st period - Stopped by Pyotr Kochetkov with a rebound.
18:58 of 1st period - Wrist shot by Nino Niederreiter.
18:58 of 1st period - Shot Blocked by Colton Sissons.
19:00 of 1st period - Slapshot by Nate Schmidt.
19:00 of 1st period - Goal by Nate Schmidt - Bruins : 4 - Blackhawks : 1.
19:00 of 1st period - Daniel Vladar enters game.
19:01 of 1st period - Vincent Trocheck wins face-off versus Ryan O'Reilly in neutral zone.
19:40 of 1st period - Minor Penalty to Keith Yandle for Holding.
19:41 of 1st period - Patrice Bergeron wins face-off versus Colton Sissons in Blackhawks zone.
19:50 of 1st period - Slapshot by Roman Josi.
19:50 of 1st period - Deflect By Marcus Pettersson.
19:50 of 1st period - Stopped by Daniel Vladar with a rebound.
19:52 of 1st period - Slapshot by Roman Josi.
19:52 of 1st period - Shot Misses the Net.
19:54 of 1st period - Snap shot by Patrice Bergeron.
19:54 of 1st period - Shot Blocked by Colton Sissons.
19:56 of 1st period - Backhand shot by Blake Wheeler.
19:56 of 1st period - Stopped by Daniel Vladar with a rebound.
Goals for this period are 4 for Bruins vs 1 for Blackhawks.
Shots for this period are 17 for Bruins vs 17 for Blackhawks.

2nd period


0:01 of 2nd period - Colton Sissons wins face-off versus Mikael Backlund in neutral zone.
0:03 of 2nd period - Off-side.
0:04 of 2nd period - Colton Sissons wins face-off versus Mikael Backlund in neutral zone.
0:15 of 2nd period - Snap shot by Mikael Backlund.
0:15 of 2nd period - Stopped by Daniel Vladar with a rebound.
0:17 of 2nd period - Backhand shot by Mikael Backlund.
0:17 of 2nd period - Stopped by Daniel Vladar without a rebound.
0:18 of 2nd period - Patrice Bergeron wins face-off versus Mason McTavish in Blackhawks zone.
0:31 of 2nd period - Slapshot by Eduard Sale.
0:31 of 2nd period - Stopped by Daniel Vladar without a rebound.
0:32 of 2nd period - Mikael Backlund wins face-off versus Colton Sissons in Blackhawks zone.
0:57 of 2nd period - Mason McTavish is hit by Moritz Seider and loses puck.
1:16 of 2nd period - Rasmus Dahlin is hit by Tom Willander and loses puck.
1:31 of 2nd period - Wrist shot by Patrice Bergeron.
1:31 of 2nd period - Stopped by Daniel Vladar with a rebound.
1:40 of 2nd period - Penalty to Keith Yandle is over, Keith Yandle is back on ice.
1:41 of 2nd period - Erik Brannstrom is hit by Patrice Bergeron and loses puck.
2:04 of 2nd period - Wrist shot by Eduard Sale.
2:04 of 2nd period - Shot Blocked by Keith Yandle.
2:19 of 2nd period - Wrist shot by Eduard Sale.
2:19 of 2nd period - Stopped by Daniel Vladar without a rebound.
2:20 of 2nd period - Ryan O'Reilly wins face-off versus Vincent Trocheck in Blackhawks zone.
2:23 of 2nd period - Snap shot by Taylor Hall.
2:23 of 2nd period - Deflect By Mikael Granlund.
2:23 of 2nd period - Stopped by Daniel Vladar with a rebound.
2:25 of 2nd period - Wrist shot by Zdeno Chara.
2:25 of 2nd period - Shot Blocked by Rasmus Dahlin.
2:27 of 2nd period - Snap shot by Taylor Hall.
2:27 of 2nd period - Shot Blocked by Rasmus Dahlin.
2:29 of 2nd period - Snap shot by Ryan O'Reilly.
2:29 of 2nd period - Deflect By Rasmus Dahlin.
2:29 of 2nd period - Shot Misses the Net.
2:29 of 2nd period - Puck is out of play.
2:30 of 2nd period - Vincent Trocheck wins face-off versus Ryan O'Reilly in Blackhawks zone.
2:52 of 2nd period - Wrist shot by Pavel Buchnevich.
2:52 of 2nd period - Shot Misses the Net.
3:00 of 2nd period - Slapshot by Pavel Buchnevich.
3:00 of 2nd period - Deflect By Vincent Trocheck.
3:00 of 2nd period - Shot Blocked by Moritz Seider.
3:00 of 2nd period - Puck is out of play.
3:01 of 2nd period - Ryan Hartman wins face-off versus Mikael Backlund in Bruins zone.
3:27 of 2nd period - Mikael Granlund is hit by Keith Yandle and loses puck.
3:32 of 2nd period - Snap shot by Oliver Wahlstrom.
3:32 of 2nd period - Stopped by Mike Smith with a rebound.
3:34 of 2nd period - Snap shot by Colton Sissons.
3:34 of 2nd period - Stopped by Mike Smith without a rebound.
3:35 of 2nd period - Vincent Trocheck wins face-off versus Mikael Backlund in Bruins zone.
4:10 of 2nd period - Wrist shot by Ryan Hartman.
4:10 of 2nd period - Stopped by Mike Smith without a rebound.
4:11 of 2nd period - Vincent Trocheck wins face-off versus Ryan O'Reilly in Bruins zone.
4:16 of 2nd period - Snap shot by Pavel Buchnevich.
4:16 of 2nd period - Stopped by Mike Smith without a rebound.
4:17 of 2nd period - Ryan O'Reilly wins face-off versus Vincent Trocheck in Bruins zone.
5:06 of 2nd period - Oliver Wahlstrom is hit by Alexander Wennberg and loses puck.
5:17 of 2nd period - Snap shot by Lucas Raymond.
5:17 of 2nd period - Shot Blocked by Keith Yandle.
5:39 of 2nd period - Snap shot by Mason McTavish.
5:39 of 2nd period - Stopped by Mike Smith without a rebound.
5:40 of 2nd period - Patrice Bergeron wins face-off versus Ryan Hartman in Bruins zone.
6:12 of 2nd period - Snap shot by Lucas Raymond.
6:12 of 2nd period - Stopped by Daniel Vladar with a rebound.
6:14 of 2nd period - Wrist shot by Moritz Seider.
6:14 of 2nd period - Shot Misses the Net.
6:24 of 2nd period - Mason Shaw is hit by Ryan O'Reilly and loses puck.
6:45 of 2nd period - Snap shot by Ryan Hartman.
6:45 of 2nd period - Shot Misses the Net.
6:47 of 2nd period - Slapshot by Marcus Pettersson.
6:47 of 2nd period - Deflect By Roman Josi.
6:47 of 2nd period - Stopped by Mike Smith with a rebound.
6:49 of 2nd period - Wrist shot by Mike Hoffman.
6:49 of 2nd period - Goal by Mike Hoffman - Bruins : 4 - Blackhawks : 2.
6:50 of 2nd period - Ryan Hartman wins face-off versus Patrice Bergeron in neutral zone.
7:40 of 2nd period - Off-side.
7:41 of 2nd period - Mikael Backlund wins face-off versus Colton Sissons in neutral zone.
8:06 of 2nd period - Blake Wheeler is hit by Tom Wilson and loses puck.
8:10 of 2nd period - Icing by Roman Josi.
8:11 of 2nd period - Patrice Bergeron wins face-off versus Ryan Hartman in Bruins zone.
8:26 of 2nd period - Mike Hoffman is hit by Nino Niederreiter and loses puck.
8:48 of 2nd period - Nino Niederreiter is hit by Tom Wilson and loses puck.
8:56 of 2nd period - Icing by Moritz Seider.
8:57 of 2nd period - Patrice Bergeron wins face-off versus Vincent Trocheck in Bruins zone.
8:57 of 2nd period - Patrice Bergeron is hit by Artemi Panarin.
9:25 of 2nd period - Backhand shot by Blake Wheeler.
9:25 of 2nd period - Deflect By Patrice Bergeron.
9:25 of 2nd period - Shot Misses the Net.
9:25 of 2nd period - Puck is out of play.
9:26 of 2nd period - Colton Sissons wins face-off versus Ryan O'Reilly in Blackhawks zone.
9:26 of 2nd period - Colton Sissons is hit by Mikael Granlund.
9:52 of 2nd period - Roman Josi is hit by Nick Jensen.
10:45 of 2nd period - Erik Brannstrom is hit by Lucas Raymond and loses puck.
11:47 of 2nd period - Wrist shot by Jake Gardiner.
11:47 of 2nd period - Shot Misses the Net.
11:49 of 2nd period - Backhand shot by Nick Jensen.
11:49 of 2nd period - Shot Misses the Net.
11:53 of 2nd period - Slapshot by Jake Gardiner.
11:53 of 2nd period - Stopped by Mike Smith with a rebound.
12:13 of 2nd period - Snap shot by Jaccob Slavin.
12:13 of 2nd period - Stopped by Daniel Vladar with a rebound.
12:15 of 2nd period - Slapshot by Lucas Raymond.
12:15 of 2nd period - Shot Misses the Net.
12:45 of 2nd period - Lucas Raymond is hit by Pavel Buchnevich and loses puck.
12:56 of 2nd period - Artemi Panarin is hit by Jaccob Slavin and loses puck.
13:03 of 2nd period - Backhand shot by Roman Josi.
13:03 of 2nd period - Stopped by Daniel Vladar with a rebound.
13:53 of 2nd period - Snap shot by Pavel Buchnevich.
13:53 of 2nd period - Shot Blocked by Roman Josi.
14:13 of 2nd period - Pavel Buchnevich is hit by Lucas Raymond.
15:06 of 2nd period - Off-side.
15:07 of 2nd period - Ryan O'Reilly wins face-off versus Ryan Hartman in neutral zone.
15:32 of 2nd period - Nino Niederreiter is hit by Rasmus Dahlin and loses puck.
15:37 of 2nd period - Wrist shot by Oliver Wahlstrom.
15:37 of 2nd period - Deflect By Mason Shaw.
15:37 of 2nd period - Stopped by Mike Smith with a rebound.
15:39 of 2nd period - Slapshot by Erik Brannstrom.
15:39 of 2nd period - Deflect By Oliver Wahlstrom.
15:39 of 2nd period - Stopped by Mike Smith with a rebound.
15:41 of 2nd period - Slapshot by Oliver Wahlstrom.
15:41 of 2nd period - Goal by Oliver Wahlstrom - Bruins : 4 - Blackhawks : 3.
15:42 of 2nd period - Ryan Hartman wins face-off versus Ryan O'Reilly in neutral zone.
15:47 of 2nd period - Snap shot by Tom Wilson.
15:47 of 2nd period - Stopped by Mike Smith without a rebound.
15:48 of 2nd period - Ryan O'Reilly wins face-off versus Ryan Hartman in Bruins zone.
16:29 of 2nd period - Parker Kelly is hit by Zdeno Chara and loses puck.
17:28 of 2nd period - Wrist shot by Mikael Granlund.
17:28 of 2nd period - Stopped by Daniel Vladar without a rebound.
17:29 of 2nd period - Mike Hoffman wins face-off versus Patrice Bergeron in Blackhawks zone.
17:54 of 2nd period - Radek Faksa is hit by Colton Sissons and loses puck.
Goals for this period are 0 for Bruins vs 2 for Blackhawks.
Shots for this period are 10 for Bruins vs 12 for Blackhawks.

3rd period


0:01 of 3rd period - Patrice Bergeron wins face-off versus Ryan Hartman in neutral zone.
0:12 of 3rd period - Slapshot by Ryan Hartman.
0:12 of 3rd period - Shot Misses the Net.
0:26 of 3rd period - Ryan O'Reilly is hit by Colton Sissons.
0:40 of 3rd period - Mikael Granlund is hit by Oliver Wahlstrom and loses puck.
0:53 of 3rd period - Keith Yandle is hit by Mikael Backlund and loses puck.
1:47 of 3rd period - Snap shot by Patrice Bergeron.
1:47 of 3rd period - Shot Misses the Net.
2:10 of 3rd period - Snap shot by Oliver Wahlstrom.
2:10 of 3rd period - Stopped by Mike Smith with a rebound.
2:12 of 3rd period - Slapshot by Mason Shaw.
2:12 of 3rd period - Stopped by Mike Smith without a rebound.
2:13 of 3rd period - Colton Sissons wins face-off versus Ryan O'Reilly in Bruins zone.
2:13 of 3rd period - Rasmus Dahlin is hit by Nate Schmidt and loses puck.
2:28 of 3rd period - Mason Shaw is hit by Mikael Granlund and loses puck.
2:48 of 3rd period - Wrist shot by Blake Wheeler.
2:48 of 3rd period - Stopped by Daniel Vladar with a rebound.
2:50 of 3rd period - Slapshot by Tom Willander.
2:50 of 3rd period - Stopped by Daniel Vladar without a rebound.
2:51 of 3rd period - Mikael Backlund wins face-off versus Vincent Trocheck in Blackhawks zone.
2:54 of 3rd period - Wrist shot by Lucas Raymond.
2:54 of 3rd period - Deflect By Alexander Wennberg.
2:54 of 3rd period - Stopped by Daniel Vladar without a rebound.
2:55 of 3rd period - Mikael Backlund wins face-off versus Vincent Trocheck in Blackhawks zone.
3:11 of 3rd period - Mikael Backlund beats up Erik Brannstrom.
3:11 of 3rd period - Penalty to Erik Brannstrom for Fighting.
3:11 of 3rd period - Penalty to Mikael Backlund for Fighting.
3:12 of 3rd period - Ryan Hartman wins face-off versus Patrice Bergeron in Bruins zone.
3:39 of 3rd period - Nate Schmidt is hit by Pavel Buchnevich and loses puck.
4:40 of 3rd period - Marcus Pettersson is hit by Eduard Sale and loses puck.
5:23 of 3rd period - Mikael Granlund is hit by Colton Sissons.
5:55 of 3rd period - Nate Schmidt is hit by Mike Hoffman and loses puck.
6:36 of 3rd period - Snap shot by Oliver Wahlstrom.
6:36 of 3rd period - Stopped by Mike Smith without a rebound.
6:37 of 3rd period - Colton Sissons wins face-off versus Ryan O'Reilly in Bruins zone.
6:48 of 3rd period - Snap shot by Alexander Wennberg.
6:48 of 3rd period - Shot Blocked by Jake Gardiner.
6:50 of 3rd period - Slapshot by Nate Schmidt.
6:50 of 3rd period - Stopped by Daniel Vladar with a rebound.
6:52 of 3rd period - Snap shot by Alexander Wennberg.
6:52 of 3rd period - Stopped by Daniel Vladar with a rebound.
7:10 of 3rd period - Slapshot by Ryan Hartman.
7:10 of 3rd period - Shot Misses the Net.
7:12 of 3rd period - Snap shot by Mike Hoffman.
7:12 of 3rd period - Shot Blocked by Blake Wheeler.
7:24 of 3rd period - Icing by Blake Wheeler.
7:25 of 3rd period - Patrice Bergeron wins face-off versus Mason McTavish in Bruins zone.
7:52 of 3rd period - Wrist shot by Patrice Bergeron.
7:52 of 3rd period - Shot Blocked by Parker Kelly.
8:20 of 3rd period - Slapshot by Rasmus Dahlin.
8:20 of 3rd period - Stopped by Mike Smith with a rebound.
8:22 of 3rd period - Slapshot by Marcus Pettersson.
8:22 of 3rd period - Stopped by Mike Smith with a rebound.
8:24 of 3rd period - Slapshot by Marian Studenic.
8:24 of 3rd period - Stopped by Mike Smith with a rebound.
8:26 of 3rd period - Snap shot by Mason McTavish.
8:26 of 3rd period - Stopped by Mike Smith with a rebound.
8:28 of 3rd period - Snap shot by Rasmus Dahlin.
8:28 of 3rd period - Goal by Rasmus Dahlin - Bruins : 4 - Blackhawks : 4.
8:29 of 3rd period - Ryan Hartman wins face-off versus Ryan O'Reilly in neutral zone.
8:32 of 3rd period - Slapshot by Jake Gardiner.
8:32 of 3rd period - Stopped by Mike Smith without a rebound.
8:33 of 3rd period - Ryan Hartman wins face-off versus Ryan O'Reilly in Bruins zone.
8:36 of 3rd period - Snap shot by Tom Wilson.
8:36 of 3rd period - Stopped by Mike Smith without a rebound.
8:37 of 3rd period - Ryan O'Reilly wins face-off versus Ryan Hartman in Bruins zone.
8:37 of 3rd period - Ryan O'Reilly is hit by Nick Jensen.
8:45 of 3rd period - Wrist shot by Mikael Granlund.
8:45 of 3rd period - Deflect By Taylor Hall.
8:45 of 3rd period - Goal by Taylor Hall - Bruins : 5 - Blackhawks : 4.
8:46 of 3rd period - Ryan O'Reilly wins face-off versus Ryan Hartman in neutral zone.
8:48 of 3rd period - Mikael Granlund is hit by Tom Wilson and loses puck.
9:16 of 3rd period - Zdeno Chara is hit by Pavel Buchnevich and loses puck.
9:25 of 3rd period - Backhand shot by Pavel Buchnevich.
9:25 of 3rd period - Shot Misses the Net.
9:37 of 3rd period - Snap shot by Mikael Backlund.
9:37 of 3rd period - Shot Misses the Net.
9:39 of 3rd period - Wrist shot by Mikael Backlund.
9:39 of 3rd period - Shot Misses the Net.
9:41 of 3rd period - Wrist shot by Alexander Wennberg.
9:41 of 3rd period - Stopped by Daniel Vladar without a rebound.
9:42 of 3rd period - Ryan O'Reilly wins face-off versus Ryan Hartman in Blackhawks zone.
10:07 of 3rd period - Vincent Trocheck is hit by Jaccob Slavin and loses puck.
10:30 of 3rd period - Slapshot by Roman Josi.
10:30 of 3rd period - Stopped by Daniel Vladar without a rebound.
10:31 of 3rd period - Colton Sissons wins face-off versus Radek Faksa in Blackhawks zone.
10:31 of 3rd period - Colton Sissons is hit by Radek Faksa.
11:16 of 3rd period - Tom Willander is hit by Tom Wilson and loses puck.
11:23 of 3rd period - Nick Jensen is hit by Taylor Hall and loses puck.
11:42 of 3rd period - Snap shot by Taylor Hall.
11:42 of 3rd period - Stopped by Daniel Vladar with a rebound.
11:44 of 3rd period - Snap shot by Taylor Hall.
11:44 of 3rd period - Shot Blocked by Nick Jensen.
11:46 of 3rd period - Snap shot by Ryan O'Reilly.
11:46 of 3rd period - Stopped by Daniel Vladar without a rebound.
11:47 of 3rd period - Patrice Bergeron wins face-off versus Vincent Trocheck in Blackhawks zone.
11:48 of 3rd period - Snap shot by Blake Wheeler.
11:48 of 3rd period - Shot Misses the Net.
11:50 of 3rd period - Minor Penalty to Vincent Trocheck for Tripping.
11:51 of 3rd period - Patrice Bergeron wins face-off versus Mason McTavish in Blackhawks zone.
12:47 of 3rd period - Taylor Hall is hit by Marcus Pettersson and loses puck.
12:59 of 3rd period - Marcus Pettersson is hit by Taylor Hall and loses puck.
13:50 of 3rd period - Penalty to Vincent Trocheck is over, Vincent Trocheck is back on ice.
16:14 of 3rd period - Rasmus Dahlin is hit by Patrice Bergeron and loses puck.
16:25 of 3rd period - Radek Faksa is hit by Mike Hoffman and loses puck.
16:38 of 3rd period - Nino Niederreiter is hit by Erik Brannstrom and loses puck.
16:51 of 3rd period - Alexander Wennberg is hit by Parker Kelly.
17:04 of 3rd period - Erik Brannstrom is hit by Moritz Seider and loses puck.
17:36 of 3rd period - Vincent Trocheck is hit by Mikael Backlund and loses puck.
17:51 of 3rd period - Tom Willander is hit by Nick Jensen and loses puck.
18:02 of 3rd period - Blake Wheeler is hit by Tom Wilson and loses puck.
18:21 of 3rd period - Lucas Raymond is hit by Oliver Wahlstrom and loses puck.
18:45 of 3rd period - Jaccob Slavin is hit by Erik Brannstrom and loses puck.
18:58 of 3rd period - Jaccob Slavin is hit by Pavel Buchnevich and loses puck.
19:01 of 3rd period - Blackhawks, Daniel Vladar is pulled from the net.
19:16 of 3rd period - Wrist shot by Patrice Bergeron.
19:16 of 3rd period - Shot Misses the Net.
19:18 of 3rd period - Slapshot by Mikael Backlund.
19:18 of 3rd period - Shot Blocked by Jake Gardiner.
19:20 of 3rd period - Slapshot by Roman Josi.
19:20 of 3rd period - Shot Misses the Net.
19:24 of 3rd period - Slapshot by Roman Josi.
19:24 of 3rd period - Shot Misses the Net.
19:26 of 3rd period - Slapshot by Jaccob Slavin.
19:26 of 3rd period - Deflect By Mikael Backlund.
19:26 of 3rd period - Shot Misses the Net.
19:26 of 3rd period - Puck is out of play.
19:27 of 3rd period - call a timeout for Blackhawks.
19:27 of 3rd period - Daniel Vladar from Blackhawks was sent back in the game.
19:27 of 3rd period - Radek Faksa wins face-off versus Vincent Trocheck in Blackhawks zone.
Goals for this period are 1 for Bruins vs 1 for Blackhawks.
Shots for this period are 10 for Bruins vs 10 for Blackhawks.